Construct Infanterie Kompanie
Construct Panzergrenadier Kompanie
Pak 40 Anti-tank Gun Team
Selects Luftwaffe Battlegroup
Selects Stuka Strafing Run
Selects Fallschirmjäger Squad Paradrop
Fallschirmjäger Squad Paradrop
Fallschirmjäger Squad Paradrop
Fallschirmjäger Squad Paradrop
Selects Luftwaffe Pioneer Support
Selects Flak 38 Anti-Air Emplacement
Construct Panzer Kompanie
Fallschirmpioneer Squad Paradrop
Selects Infantry Reserves
Nebelwerfer 42 Rocket Launcher Team
Pak 40 Anti-tank Gun Team
Fallschirmpioneer Squad Paradrop
Fallschirmjäger Squad Paradrop